 Dungeon Crawl Stone Soup version 0.18.1-50-g88ac8fd (webtiles) character file.

10 Gargoyl the Skirmisher (level 2, 19/24 HPs)
             Began as a Demonspawn Abyssal Knight on Sept 13, 2016.
             Was a Follower of Lugonu.
             Quit the game on level 1 of the Dungeon.
             The game lasted 00:00:45 (308 turns).

Gargoyl the Skirmisher (Demonspawn Abyssal Knight)   Turns: 308, Time: 00:00:46

Health: 19/24      AC: 10    Str: 12    XL:     2   Next: 10%
Magic:  3/3        EV:  3    Int: 13    God:    Lugonu [*.....]
Gold:   46         SH:  0    Dex: 12    Spells: 0 memorised, 1 level left

rFire  . . .     SeeInvis .     a - +1 hand axe
rCold  . . .     Gourm    .     e - +0 plate armour
rNeg   . . .     Faith    .     (no shield)
rPois  .         Spirit   +     (no helmet)
rElec  .         Dismiss  .     (no cloak)
rCorr  .         Reflect  .     (no gloves)
SustAt .         Harm     .     (no boots)
MR     .....                    (no amulet)
Stlth  ..........               (no ring)
                                (no ring)

@: not resistant to hostile enchantments, extremely unstealthy
A: magic shield, MP-powered wands
a: Depart the Abyss, Renounce Religion


You were on level 1 of the Dungeon.
You worshipped Lugonu.
Lugonu was aware of your devotion.
You were not hungry.

You visited 1 branch of the dungeon, and saw 1 of its levels.
You visited the Abyss 1 time.

You collected 46 gold pieces.

Inventory:

Hand Weapons
 a - a +1 hand axe (weapon)
Armour
 e - a +0 plate armour (worn)
Wands
 f - a wand of slowing (16/48)
Scrolls
 b - a scroll of holy word {unknown}
Potions
 d - a potion of brilliance {unknown}
 h - a potion of magic {unknown}
Comestibles
 c - a bread ration
 g - a meat ration
 i - 2 chunks of flesh


   Skills:
 + Level 3.4 Fighting
 + Level 1.9 Axes
 * Level 1.8 Armour
 + Level 0.8 Dodging
 + Level 2.6 Invocations


You had one spell level left.
You didn't know any spells.

Dungeon Overview and Level Annotations

Branches:
Dungeon (1/15)

Altars:


Innate Abilities, Weirdness & Mutations

When hurt, damage is shared between your health and your magic reserves.
[You expend magic power (3 MP) to strengthen your wands.]


Message History

The bat hits you but does no damage.
The ball python bites you but does no damage.
The ball python constricts you.
The ball python bites you but does no damage.
The ball python constricts you.
You slash the ball python!
You kill the ball python!
Lugonu accepts your kill.
You can now depart the Abyss.
You have reached level 2!
Your demonic ancestry asserts itself...
You feel your magical essence form a protective shroud around your flesh.
The bat hits you but does no damage.
You slash the bat!
You kill the bat!
Lugonu accepts your kill.
You see here a ball python corpse.
You butcher the ball python corpse.
i - 2 chunks of flesh
Found 24 bolts.
Are you sure you want to abandon this character and quit the game? (Confirm with "yes".)

..............
.............
..........(.
......$.... .#
.......... ######.#
.........## #......#
#........# #......# #
#.....@..# #......# ..
#........###......##.#
#####......#.........#
#.#.†...(.....#
#.#...........#####
...........>......).
##.#######....#####.
#. ##...# ###' #
##....#9#.


There were no monsters in sight!

Vanquished Creatures
  An ooze (D:1)
  A ball python (D:1)
  A bat (D:1)
  A goblin (D:1)
  2 kobolds (D:1)
6 creatures vanquished.

Notes
Turn   | Place    | Note
--------------------------------------------------------------
     0 | Abyss:1  | Gargoyl the Demonspawn Abyssal Knight began the quest for the Orb.
     0 | Abyss:1  | Reached XP level 1. HP: 18/18 MP: 2/2
   105 | Abyss:1  | Found a corrupted altar of Lugonu.
   236 | Abyss:2  | Noticed a wretched star
   237 | D:1      | Escaped the Abyss
   240 | D:1      | Noticed an ogre
   240 | D:1      | Noticed a dwarf
   242 | D:1      | Noticed a formicid
   245 | D:1      | Noticed a troll
   245 | D:1      | Noticed a draconian
   247 | D:1      | Noticed a vine stalker
   247 | D:1      | Noticed a ghoul
   249 | D:1      | Noticed a spriggan
   249 | D:1      | Noticed a minotaur
   251 | D:1      | Noticed a naga
   251 | D:1      | Noticed a centaur
   253 | D:1      | Noticed an octopode
   253 | D:1      | Noticed a demonspawn
   255 | D:1      | Noticed a human
   257 | D:1      | Noticed an elf
   257 | D:1      | Noticed a tengu
   259 | D:1      | Noticed a halfling
   259 | D:1      | Noticed a vampire
   261 | D:1      | Noticed a felid
   263 | D:1      | Noticed a demigod
   265 | D:1      | Noticed a gargoyle
   265 | D:1      | Noticed a merfolk
   301 | D:1      | Reached * piety under Lugonu
   301 | D:1      | Gained mutation: When hurt, damage is shared between your health and your magic reserves. [demonic ancestry]
   301 | D:1      | Reached XP level 2. HP: 19/24 MP: 3/3
   308 | D:1      | Quit the game

Action                   || total
-------------------------++-------
Melee: Hand axe          ||    17
Invok: Depart the Abyss  ||     1
Armor: Plate armour      ||    21
Dodge: Dodged            ||     3
